 Dungeon Crawl Stone Soup version 0.30.1-1-g62c8e00024 (webtiles) character file.

Game seed: 2539574783351268032

1519 Wiggles the Cleaver (level 8, 0/96 HPs)
             Began as a Minotaur Berserker on July 17, 2023.
             Was a Priest of Trog.
             Shot with an arrow by a centaur (3 damage)
             ... on level 5 of the Dungeon.
             The game lasted 00:08:43 (5035 turns).

Wiggles the Cleaver (Minotaur Berserker)            Turns: 5035, Time: 00:08:44

Health: 0/96       AC: 10    Str: 24    XL:     8   Next: 54%
Magic:  7/7        EV:  9    Int:  4    God:    Trog [***...]
Gold:   251        SH:  0    Dex: 10    Spells: 7/7 levels left

rFire   . . .        a - +0 hand axe
rCold   . . .        (no shield)
rNeg    . . .        t - +0 chain mail
rPois   .            (helmet restricted)
rElec   .            (no cloak)
rCorr   .            b - +1 pair of gloves
SInv    .            (no boots)
Will    +....        (no amulet) Stlth
                     q - ring of willpower
HPRegen 0.36/turn    (no ring)
MPRegen 0.10/turn

%: no passive effects
@: berserking, very quick
A: horns 2, retaliatory headbutt
a: Renounce Religion, Berserk, Trog's Hand


You were on level 5 of the Dungeon.
You worshipped Trog.
Trog was most pleased with you.
You visited 1 branch of the dungeon, and saw 6 of its levels.

You collected 251 gold pieces.

Inventory:

Hand Weapons
 a - a +0 hand axe (weapon)
Missiles
 i - 4 boomerangs (quivered)
Armour
 b - a +1 pair of gloves (worn)
 t - a +0 chain mail (worn)
Jewellery
 l - a ring of protection from cold
 q - a ring of willpower (left hand)
Wands
 s - a wand of charming (2)
 v - a wand of iceblast (9)
 A - a wand of flame (18)
Scrolls
 c - 4 scrolls of teleportation
 f - a scroll of fog
 n - 2 scrolls of silence
 r - a scroll of blinking
Potions
 d - a potion of cancellation {unknown}
 e - 2 potions of heal wounds
 g - a potion of berserk rage
 h - a potion of might
 k - 5 potions of curing
 m - 2 potions of haste
 o - 2 potions of degeneration
 p - 2 potions of invisibility
 x - 2 potions of mutation
 z - a potion of flight


   Skills:
 - Level 3.6 Fighting
 + Level 11.6 Axes
 + Level 3.6 Throwing
 - Level 2.4 Armour
 - Level 2.1 Dodging
 + Level 3.0 Stealth


You had 7 spell levels left.
You didn't know any spells.
Your spell library was empty.

Dungeon Overview and Level Annotations

Branches:
Dungeon (6/15)             Temple (0/1) D:4

Altars:
Fedhas
Kikubaaqudgha
Makhleb
Zin

Annotations:
D:5 Pikel


Innate Abilities, Weirdness & Mutations

You have a pair of horns on your head.
You reflexively headbutt those who attack you in melee.


Message History

Pikel burns you.
There is a stone staircase leading up, spattered with blood here.
You see here a howler monkey skeleton.
The centaur hits you.
The centaur kicks you but does no damage.
The lemure hits you.
Pikel hits you with a +1 whip of flaming.
* * * LOW HITPOINT WARNING * * *
Pikel burns you.
* * * LOW HITPOINT WARNING * * *
The gnoll sergeant barely misses you.
You climb upwards.
There is a stone staircase leading down here.
A red film seems to cover your vision as you go berserk!
You feel yourself moving faster!
You feel mighty!
The centaur hits you but does no damage.
The centaur kicks you but does no damage.
The lemure hits you.
* * * LOW HITPOINT WARNING * * *
Pikel hits you with a +1 whip of flaming.
* * * LOW HITPOINT WARNING * * *
Pikel burns you.
* * * LOW HITPOINT WARNING * * *
The centaur hits you.
* * * LOW HITPOINT WARNING * * *
The centaur kicks you but does no damage.
You feel a strong urge to attack something.
The centaur wields a +0 shortbow.
The centaur shoots an arrow.
The arrow hits you!
* * * LOW HITPOINT WARNING * * *
You see here a +0 whip.
You slash Pikel!
Pikel is heavily wounded.
You hit the lemure. The lemure hits you.
* * * LOW HITPOINT WARNING * * *
Pikel hits you but does no damage.
You hit Pikel. Your headbutt misses Pikel.
Pikel is severely wounded.
You hit the lemure.
The centaur shoots an arrow.
The arrow hits you.
You die...

'.....#.###.##.......<....(..#...
'.....#.###.##.#....#...####.#.##
#####.#.#....#.#....+........#.#
#.._..#.#......#....#....).....#
#⌠..)##......#.................#
######.......#...##.#..........#
.............................#.#
...#.........#.#5#<........#.#.#
...............>@..........#.#.#
.##..........#c.K..#.#####.#.#.#
.##..........#.............#.#.#
.##..........#.........####..#.#
###..........#...............#.#
###....................####..#.#
..+....#..........##.........#.#
###....##.........'..........#.#
..................###.#......#.#


You could see Pikel, a lemure and a centaur.

Vanquished Creatures
  Eustachio (D:6)
  Edmund (D:6)
  An ice beast (D:5)
  5 ogres
  A black bear (D:5)
  3 lemures
  2 kobold brigands
  2 scorpions
  A howler monkey (D:6)
  4 hounds
  4 iguanas (D:5)
  3 gnolls (D:4)
  4 adders
  An ufetubus (D:5)
  3 worms
  2 dart slugs
  4 orcs
  4 endoplasms
  3 giant cockroaches
  8 goblins
  7 hobgoblins
  3 jackals (D:2)
  13 kobolds
  3 quokkas
  4 ball pythons
  4 bats
  4 frilled lizards
  A rat (D:1)
96 creatures vanquished.

Notes
Turn   | Place    | Note
-------+----------+-------------------------------------------
     0 | D:1      | Wiggles the Minotaur Berserker began the quest for the Orb.
     0 | D:1      | Reached XP level 1. HP: 19/19 MP: 0/0
   109 | D:1      | Reached skill level 4 in Axes
   186 | D:1      | Reached XP level 2. HP: 22/26 MP: 1/1
  1022 | D:2      | You fall into a shaft and drop 1 floor!
  1175 | D:2      | Reached skill level 5 in Axes
  1185 | D:2      | Reached XP level 3. HP: 31/31 MP: 2/2
  1230 | D:2      | Reached ** piety under Trog
  1680 | D:2      | Noticed a scorpion
  1689 | D:2      | Killed a scorpion
  1690 | D:2      | Reached skill level 6 in Axes
  1690 | D:2      | Reached XP level 4. HP: 8/39 MP: 3/3
  1861 | D:3      | Found an ancient bone altar of Kikubaaqudgha.
  1896 | D:3      | Reached skill level 1 in Stealth
  2007 | D:3      | Identified the +1 leather armour of Integrity {Rampage
                  | Int+5}
  2208 | D:3      | Found a glowing silver altar of Zin.
  2387 | D:4      | Found a staircase to the Ecumenical Temple.
  2565 | D:4      | Reached XP level 5. HP: 45/45 MP: 4/4
  2601 | D:4      | Noticed an ogre
  2608 | D:4      | Killed an ogre
  2609 | D:4      | Reached skill level 7 in Axes
  2609 | D:4      | Reached skill level 1 in Throwing
  3032 | D:4      | Noticed an ogre
  3042 | D:4      | Killed an ogre
  3043 | D:4      | Reached XP level 6. HP: 7/51 MP: 5/5
  3410 | D:5      | Entered Level 5 of the Dungeon
  3459 | D:5      | Found a large runed translucent door.
  3460 | D:5      | Found a large runed translucent door.
  3479 | D:5      | Reached skill level 8 in Axes
  3491 | D:5      | Noticed an ice beast
  3640 | D:5      | Reached XP level 7. HP: 44/57 MP: 6/6
  3795 | D:5      | Reached skill level 9 in Axes
  4117 | D:5      | Reached skill level 10 in Axes
  4471 | D:5      | Found a blossoming altar of Fedhas.
  4480 | D:5      | Reached XP level 8. HP: 43/64 MP: 7/7
  4484 | D:5      | Found a burning altar of Makhleb.
  4682 | D:6      | Noticed Eustachio
  4694 | D:5      | Reached *** piety under Trog
  4706 | D:6      | Killed Eustachio
  4711 | D:6      | Reached skill level 11 in Axes
  4737 | D:6      | Noticed Edmund
  4869 | D:6      | Noticed Pikel
  4870 | D:6      | Killed Edmund
  5034 | D:5      | HP: 3/96 [lemure[Pikel] (4)]
  5035 | D:5      | Shot with an arrow by a centaur

Illustrated notes

Levels and vault maps discovered:
D:1:      ncdulo_smallfort, layout_basic
D:2:      layout_basic
D:3:      layout_rooms, lemuel_doored_altar, zin_treasury,
          cheibrodos_sewer_entry_drain
D:4:      layout_basic, minmay_temple_entry_trees
D:5:      layout_basic, jmf_multi_god_temple2, chequers_serial_rivers_micro_c,
          minmay_misc_feat_rows
D:6:      layout_rooms, minmay_divided_ellipse, uniq_edmund, uniq_pikel,
          uniq_eustachio

Skill      XL: |  1  2  3  4  5  6  7  8 |
---------------+-------------------------+-----
Axes           | 4 5 6 7 8 10 11 | 11.6
Stealth        | 1 2 3 |  3.0
Throwing       | 1 2 3 |  3.6
Fighting       | |  3.6
Armour         | |  2.4
Dodging        | |  2.1

Action                     |  1- 3 |  4- 6 |  7- 9 || total
---------------------------+-------+-------+-------++-------
  Melee: Hand axe          |    77 |    83 |    97 ||   257
         Headbutt          |     7 |    14 |    22 ||    43
         Punch             |       |     1 |     2 ||     3
  Throw: Boomerang         |     5 |     8 |     5 ||    18
 Invoke: Berserk           |       |     1 |     3 ||     4
    Use: Potion            |       |     1 |       ||     1
         Scroll            |       |       |    16 ||    16
   Stab: Sleeping          |     1 |     1 |       ||     2
 Armour: Animal skin       |     3 |       |       ||     3
         Leather armour    |    14 |     6 |       ||    20
         Chain mail        |       |    13 |    79 ||    92
  Dodge: Dodged            |    52 |    39 |    66 ||   157
